Map: Lockdown LE

Players

찔밥잉

  • Race: Terran Terran
  • League: Diamond

인공지능 칸 (아주 쉬움) - Winner!

  • Race: Zerg Zerg

VOD

Have the link to the VOD?

Description

Time

  • Played on: Oct. 20, 2026, 2:36 p.m.
  • Length: 10:34
Show
View Real Time Build Order
Export as new Build Order

찔밥잉 Terran 

Build Orders: Reaper Expand 

Get SALT Encoding   

  12  0:01  SCV  
  13  0:13  SCV  
  14  0:17  Supply Depot  
  14  0:25  SCV  
  15  0:38  SCV  
  15  0:40  Barracks  
  16  0:45  Refinery  
  16  0:51  SCV  
  17  1:03  SCV  
  18  1:15  SCV  
  19  1:27  Reaper, Orbital Command  
  20  1:42  Command Center  
  20  1:49  Supply Depot  
  20  1:53  SCV  
  21  2:01  Marine  
  21  2:06  SCV  
  23  2:13  Factory  
  23  2:19  SCV  
  24  2:24  Refinery  
  24  2:25  Barracks Reactor  
  24  2:31  SCV  
  25  2:42  Barracks  
  25  2:43  SCV  
  26  2:55  SCV, Orbital Command  
  26  2:58  Factory Tech Lab  
  27  3:07  SCV, Starport  
  27  3:11  Marine  
  27  3:12  Marine  
  30  3:19  SCV  
  31  3:20  Supply Depot  
  31  3:29  Factory Reactor  
  31  3:34  Marine x2  
  31  3:38  Stimpack  
  31  3:39  Marine  
  34  3:45  SCV  
  35  3:49  SCV  
  35  3:51  Supply Depot  
  35  3:52  Marine  
  37  3:57  SCV  
  37  3:58  Marine  
  37  3:59  Marine, Supply Depot  
  37  4:01  SCV  
  41  4:09  SCV  
  42  4:15  SCV  
  43  4:17  Marine x3  
  43  4:19  Medivac x2  
  43  4:21  SCV  
  51  4:27  SCV  
  51  4:29  Supply Depot  
  52  4:31  Supply Depot  
  52  4:33  SCV  
  52  4:35  Marine x2  
  52  4:36  Marine  
  56  4:39  SCV  
  57  4:45  SCV  
  57  4:51  SCV  
  57  4:52  Marine x2  
  59  4:54  Marine  
  59  4:58  SCV  
  63  5:03  SCV  
  61  8:31  Factory Tech Lab, Factory  
  61  8:33  Factory  
  61  8:45  Barracks x3  
  61  8:48  Barracks  
  61  9:22  Factory Tech Lab x2  
Show
View Real Time Build Order
Export as new Build Order

인공지능 칸 (아주 쉬움) Zerg - Winner!

Build Orders: Pool First 

Get SALT Encoding   

  12  0:00  Drone  
  13  0:13  Overlord  
  13  0:16  Drone  
  14  0:35  Spawning Pool  
  14  0:37  Extractor  
  14  0:40  Drone  
  13  0:47  Drone  
  14  0:52  Overlord  
  14  1:22  Queen  
  14  1:23  Zergling x2  
  17  1:32  Roach Warren  
  16  1:36  Drone  
  17  1:40  Extractor  
  17  1:44  Drone  
  17  1:48  Zergling x2  
  18  2:03  Drone  
  19  2:10  Drone  
  19  2:13  Zergling x2  
  21  2:19  Drone  
  22  2:29  Overlord  
  22  2:32  Drone  
  23  2:38  Roach  
  23  2:39  Drone  
  26  2:46  Drone  
  27  7:02  Zergling x2  
  27  7:03  Drone, Lair  
  27  7:04  Overlord  
  18  7:10  Drone  
  3  7:17  Drone  
  3  7:24  Drone  
  2  7:31  Roach  
  2  7:32  Drone  
  4  7:39  Drone  
  4  7:46  Drone  
  4  7:53  Drone  
  4  7:59  Zergling x2  
  4  8:00  Queen  
  4  8:01  Drone, Overseer  
  4  8:02  Overseer  
  8  8:09  Drone  
  9  8:16  Drone  
  10  8:23  Drone  
  11  8:28  Zergling x2  
  11  8:30  Drone  
  13  8:37  Drone  
  14  8:44  Hatchery  
  14  8:45  Drone  
  14  8:52  Drone  
  15  8:59  Drone  
  16  9:06  Drone  
  16  9:09  Ravager  
  20  9:10  Roach  
  20  9:13  Drone  
  21  9:20  Drone  
  22  9:28  Drone  
  23  9:35  Drone  
  24  9:42  Drone  
  25  9:49  Drone  
  26  9:56  Drone  
  27  10:03  Drone  
  28  10:11  Drone  
  29  10:18  Drone  
Tags
 
Add a new tag
Caveats
  • Supply blocks, unpowered buildings, or Contaminate may cause inaccurate times.
  • Supply counts are checked every 10 seconds.